 Dungeon Crawl Stone Soup version 0.27.1 (webtiles) character file.

Game seed: 16518860782921488414

786 Ishikawa the Chopper (level 7, 0/61 HPs)
             Began as a Minotaur Fighter on Aug 27, 2021.
             Was an Initiate of Trog.
             Slain by an orc warrior (10 damage)
             ... on level 6 of the Dungeon.
             The game lasted 00:09:21 (5031 turns).

Ishikawa the Chopper (Minotaur Fighter)             Turns: 5031, Time: 00:09:22

Health: 0/61       AC: 17    Str: 20    XL:     7   Next: 56%
Magic:  6/6        EV:  8    Int:  5    God:    Trog [......]
Gold:   236        SH:  0    Dex: 12    Spells: 6/6 levels left

rFire    + . .     SeeInvis .   a - +0 war axe
rCold    + . .     Faith    .   (no shield)
rNeg     . . .     Spirit   .   q - +0 chain mail
rPois    +         Reflect  .   (helmet restricted)
rElec    +         Harm     .   (no cloak)
rCorr    +         Rampage  .   b - +2 pair of gloves
Will     .....                  (no boots)
Stlth    ..........             (no amulet)
HPRegen  0.20/turn              o - +4 ring of protection
MPRegen  0.10/turn              c - ring of resist corrosion

@: resistant
A: horns 2, retaliatory headbutt
a: Renounce Religion


You were on level 6 of the Dungeon.
You worshipped Trog.
Trog was noncommittal.
You visited 2 branches of the dungeon, and saw 7 of its levels.

You collected 236 gold pieces.

Inventory:

Hand Weapons
 a - a +0 war axe (weapon)
Missiles
 j - a throwing net (quivered)
Armour
 b - a +2 pair of gloves (worn)
 q - a +0 chain mail (worn)
Jewellery
 c - a ring of resist corrosion (right hand)
 o - a +4 ring of protection (left hand)
Wands
 u - a wand of charming (7)
 v - a wand of flame (19)
 w - a wand of acid (6)
Scrolls
 e - 2 scrolls of amnesia {unknown}
 h - 2 scrolls of blinking {unknown}
 i - a scroll of enchant armour {unknown}
 l - a scroll of fear {unknown}
 p - a scroll of magic mapping {unknown}
 r - a scroll of identify {unknown}
 t - 3 scrolls of brand weapon {unknown}
Potions
 d - 2 potions of might
 f - 2 potions of curing {unknown}
 g - a potion of magic {unknown}
 k - 2 potions of heal wounds {unknown}
 m - a potion of experience {unknown}
 n - a potion of resistance
 s - a potion of haste {unknown}


   Skills:
 * Level 5.1 Fighting
 * Level 7.1 Axes
 * Level 6.0 Armour
 * Level 2.7 Dodging
 * Level 2.1 Stealth
 - Level 3.6 Shields


You had 6 spell levels left.
You didn't know any spells.
Your spell library contained the following spells:

 Spells                   Type           Power      Damage    Failure   Level
 Animate Skeleton         Necr           0%         N/A       99%         1
 Apportation              Tloc           0%         N/A       99%         1
 Magic Dart               Conj           0%         1d3       99%         1
 Pain                     Necr           0%         1d4       99%         1
 Ensorcelled Hibernation  Hex/Ice        0%         N/A       100%        2
 Searing Ray              Conj           0%         3d3       100%        2
 Spider Form              Tmut/Pois      0%         N/A       100%        3
 Vampiric Draining        Necr           0%         2d6       100%        3
 Fulminant Prism          Conj/Hex       0%         3d6       100%        4
 Alistair's Intoxication  Tmut/Pois      0%         N/A       100%        5
 Invisibility             Hex            0%         N/A       100%        6
 Shadow Creatures         Summ           N/A        N/A       100%        6


Dungeon Overview and Level Annotations

Branches:
Dungeon (6/15)             Temple (1/1) D:6

Altars:
Ashenzari
Cheibriados
Dithmenos
Elyvilon
Fedhas
Kikubaaqudgha
Nemelex Xobeh
Sif Muna
Trog
Wu Jian
Xom
Yredelemnul
Lugonu


Innate Abilities, Weirdness & Mutations

You have a pair of horns on your head.
You reflexively headbutt those who attack you in melee.


Message History

You completely miss the orc warrior. The jelly barely misses you.
You furiously retaliate!
You headbutt the jelly.
The orc warrior hits you with a +0 battleaxe.
You barely miss the jelly.
The jelly is severely wounded.
You hit the wyvern zombie. You hit the orc warrior.
The wyvern zombie bites you but does no damage.
The jelly misses you. You furiously retaliate!
You headbutt the jelly. The orc warrior barely misses you.
You furiously retaliate!
You headbutt the orc warrior, but do no damage.
The wyvern zombie bites you but does no damage.
The jelly hits you but does no damage.
You slash the jelly!
You kill the jelly!
Trog accepts your kill.
You closely miss the orc warrior. You hit the wyvern zombie.
The wyvern zombie closely misses you. You furiously retaliate!
You headbutt the wyvern zombie.
The orc warrior hits you with a +0 battleaxe!
You hit the orc warrior but do no damage.
You headbutt the orc warrior, but do no damage.
The orc warrior is heavily wounded.
You hit the wyvern zombie but do no damage.
The wyvern zombie bites you but does no damage.
The orc warrior hits you with a +0 battleaxe.
* * * LOW HITPOINT WARNING * * *
The wyvern zombie closely misses you.
You feel protected.
The orc warrior hits you with a +0 battleaxe.
* * * LOW HITPOINT WARNING * * *
The wyvern zombie closely misses you.
You completely miss the orc warrior.
You headbutt the orc warrior, but do no damage.
The orc warrior is heavily wounded.
You barely miss the wyvern zombie. The wyvern zombie bites you!
* * * LOW HITPOINT WARNING * * *
The orc warrior hits you but does no damage.
The wyvern zombie bites you but does no damage.
The orc warrior hits you with a +0 battleaxe!
You die...

+.#..#.............#....#
##'..'..................#
......#..#........#.........#
......#..#..<.....#.........#
##+###+####............<....#
.........###..##...#
.........###.......#
....................
.###..@Z........###
##....o........)#
.....[..)........##
.###....##(.....##
#.............#
##............#
.>......#.......
........###...... #.#.....
......


You could see an orc warrior and a wyvern zombie.

Vanquished Creatures
  A phantom (D:6)
  2 scorpions
  A centaur zombie (D:4)
  5 hounds
  2 jellies
  A bullfrog skeleton (D:6)
  2 orc priests
  2 centaur skeletons (D:5)
  An orc wizard (D:4)
  A howler monkey skeleton (D:5)
  2 adders
  A shadow imp (D:4)
  A white imp (D:6)
  3 ufetubi
  An adder skeleton (D:4)
  2 worms
  4 dart slugs
  16 orcs
  7 ball pythons
  5 bats
  7 endoplasms
  3 giant cockroaches
  4 goblins
  9 hobgoblins
  8 jackals
  5 quokkas
  5 frilled lizards
  6 kobolds
  2 rats (D:3)
109 creatures vanquished.

Notes
Turn   | Place    | Note
-------+----------+-------------------------------------------
     0 | D:1      | Ishikawa the Minotaur Fighter began the quest for the Orb.
     0 | D:1      | Reached XP level 1. HP: 19/19 MP: 0/0
   116 | D:1      | Found a faded altar of an unknown god.
   229 | D:1      | Reached XP level 2. HP: 27/27 MP: 1/1
   875 | D:2      | Reached XP level 3. HP: 33/33 MP: 2/2
  1064 | D:2      | Reached skill level 1 in Dodging
  1274 | D:2      | Found a white marble altar of Elyvilon.
  1553 | D:2      | Reached skill level 3 in Axes
  2012 | D:3      | Reached XP level 4. HP: 40/40 MP: 3/3
  2036 | D:3      | Found a broken altar of Ashenzari.
  2215 | D:3      | Found a blossoming altar of Fedhas.
  2421 | D:3      | Found an ancient bone altar of Kikubaaqudgha.
  2936 | D:4      | Reached skill level 4 in Axes
  2936 | D:4      | Reached skill level 1 in Stealth
  2936 | D:4      | Reached XP level 5. HP: 47/47 MP: 4/4
  2979 | D:4      | Reached skill level 5 in Armour
  3663 | D:4      | Identified the +2 helmet "Nuim" {Drain rF++ Dex+2}
  3977 | D:4      | Found a sparkling altar of Nemelex Xobeh.
  4065 | D:5      | Entered Level 5 of the Dungeon
  4123 | D:5      | Reached XP level 6. HP: 53/53 MP: 5/5
  4195 | D:5      | Found a basalt altar of Yredelemnul.
  4208 | D:5      | Reached skill level 5 in Axes
  4670 | D:6      | Found a staircase to the Ecumenical Temple.
  4676 | D:6      | Reached skill level 6 in Axes
  4692 | Temple   | Entered the Ecumenical Temple
  4716 | Temple   | Became a worshipper of Trog the Wrathful
  4745 | D:6      | Reached XP level 7. HP: 56/60 MP: 6/6
  4885 | D:6      | Reached skill level 5 in Fighting
  5023 | D:6      | Reached skill level 7 in Axes
  5031 | D:6      | Slain by an orc warrior

Illustrated notes

Levels and vault maps discovered:
D:1:      kennysheep_arrival_seaside, layout_loops_ring, basic_ecumenical_altar
D:2:      layout_basic, basic_altar
D:3:      layout_basic, mainiacjoe_overflow_small_starburst,
          mainiacjoe_overflow_six_doors_small, mainiacjoe_overflow_tiny_flanked,
          chequers_serial_rivers_large_b
D:4:      layout_basic, nemelex_dance_club_becter
D:5:      layout_basic, lemuel_round_altar, minmay_fountain_box
D:6:      layout_cave_pools, mainiacjoe_overflow_24_doors,
          minmay_temple_entry_trees, serial_column_ruins, column_ruins_grid_3,
          column_ruins_open_tiny, column_ruins_columns_corner,
          column_ruins_grid_4, minmay_holes, uniq_duvessa
Temple:   corrupted_temple

Skill      XL: |  1  2  3  4  5  6  7 |
---------------+----------------------+-----
Armour         | 4 5 6 |  6.0
Fighting       | 4 5 |  5.1
Dodging        | 1 2 |  2.7
Axes           | 3 4 6 7 |  7.1
Stealth        | 1 2 |  2.1
Shields        | |  3.6

Action                   |  1- 3 |  4- 6 |  7- 9 || total
-------------------------+-------+-------+-------++-------
Melee: War axe           |    69 |   122 |    41 ||   232
       Headbutt          |    15 |    23 |     8 ||    46
  Use: Potion            |       |       |     1 ||     1
Armor: Scale mail        |    44 |     9 |       ||    53
       Chain mail        |       |    90 |    40 ||   130
Dodge: Dodged            |    50 |    60 |    23 ||   133
